 Dungeon Crawl Stone Soup version 0.18-a0-1120-g03bd624 (webtiles) character file.

288 nuthulu the Skirmisher (level 6, -1/40 HPs)
             Began as a Gargoyle Fighter on Jan 15, 2016.
             Slain by a gnoll
             ... wielding a +0 spear
              (4 damage)
             ... on level 4 of the Dungeon on Jan 17, 2016.
             The game lasted 00:08:14 (2839 turns).

nuthulu the Skirmisher (Gargoyle Fighter)           Turns: 2839, Time: 00:08:15

Health: -1/40      AC: 11    Str: 19    XL:     6   Next: 31%
Magic:  6/6        EV:  7    Int:  9    God:
Gold:   131        SH: 10    Dex: 11    Spells: 0 memorised, 5 levels left

rFire  . . .     SeeInvis .     a - +1 flail
rCold  . . .     Gourm    .     b - +0 scale mail
rNeg   + . .     Faith    .     c - +1 shield
rPois  ∞         Spirit   .     (no helmet)
rElec  +         Dismiss  .     (no cloak)
rCorr  .         Reflect  .     (no gloves)
SustAt .         Harm     .     (no boots)
MR     .....                    (no amulet)
Stlth  ..........               (no ring)
                                (no ring)

@: not resistant to hostile enchantments, extremely unstealthy
A: negative energy resistance 1, electricity resistance, unbreathing,
petrification resistance, rot immunity, AC +4
a: no special abilities


You were on level 4 of the Dungeon.
You were not hungry.

You visited 1 branch of the dungeon, and saw 4 of its levels.

You collected 131 gold pieces.

Inventory:

Hand Weapons
 a - a +1 flail (weapon)
Armour
 b - a +0 scale mail (worn)
 c - a +1 shield (worn)
Jewellery
 q - an uncursed amulet of faith {unknown}
 r - an uncursed amulet of the gourmand {unknown}
Scrolls
 m - a scroll of recharging
Potions
 d - a potion of might
 e - a potion of haste {unknown}
 i - a potion of heal wounds
 j - a potion of flight {unknown}
 l - a potion of lignification {unknown}
 n - 2 potions of resistance {unknown}
Comestibles
 f - 3 bread rations
 g - 2 slices of pizza
 h - a beef jerky
 k - 2 chunks of flesh
 o - 2 royal jellies
 p - a meat ration


   Skills:
 + Level 5.5 Fighting
 + Level 4.5 Maces & Flails
 - Level 3.5 Armour
 - Level 0.4 Dodging
 - Level 3.5 Shields


You had 5 spell levels left.
You didn't know any spells.

Dungeon Overview and Level Annotations

Branches:
Dungeon (4/15)
 Temple: D:4-7

Altars:

Annotations:
D:2 Sigmund, Terence


Innate Abilities, Weirdness & Mutations

You are resistant to torment.
Your stone body is resilient (AC +4).
You are immune to poison.
You resist negative energy.
You are resistant to electric shocks.
You can survive without breathing.
You are immune to petrification.
You are immune to rotting.


Message History

The gnoll closely misses you.
You closely miss the giant newt. The gnoll hits you but does no damage.
The giant newt bites you. The gnoll hits you but does no damage.
You block the gnoll's attack.
You thump the giant newt!
You kill the giant newt!
You block the gnoll's attack. The gnoll closely misses you.
You sock the ogre!
The ogre is moderately wounded.
The ogre hits you with a giant club!!
Ouch! That really hurt!
* * * LOW HITPOINT WARNING * * *
You block the gnoll's attack. The gnoll hits you but does no damage.
You hit the ogre.
The ogre is heavily wounded.
You block the gnoll's attack. x2
The ogre barely misses you. The gnoll hits you with a spear.
* * * LOW HITPOINT WARNING * * *
The gnoll hits you from afar with a spear.
You die...

.# .# .#### ....#
..#.# ....# .# #.#
....# .# ...#
....##.############..#
#.#...........gg@.#lO#
#.#..#.#########O##..#
#.##.#.## #.##..#
#.......# #.##..#
#####...# #.....#
###...# ####.##
#.....# #.# #.....#
#.####### # #.....#
#.####........


You could see an ogre and 2 gnolls.

Vanquished Creatures
  Grinder (D:4)
  A gnoll (D:4)
  4 adders
  A worm (D:2)
  3 orcs (D:3)
  2 ball pythons (D:1)
  3 bats
  5 giant cockroaches
  4 goblins
  4 hobgoblins
  8 jackals
  A quokka (D:2)
  5 giant newts
  3 kobolds
  8 rats
53 creatures vanquished.

Notes
Turn   | Place    | Note
--------------------------------------------------------------
     0 | D:1      | nuthulu the Gargoyle Fighter began the quest for the Orb.
     0 | D:1      | Reached XP level 1. HP: 14/14 MP: 1/1
     2 | D:1      | Noticed an electric eel
    46 | D:1      | Reached XP level 2. HP: 13/19 MP: 2/2
   320 | D:1      | Upgraded the game from 0.18-a0-1088-g34ef3a2 to 0.18-a0-1120-g03bd624
   753 | D:2      | Reached XP level 3. HP: 19/24 MP: 3/3
   921 | D:2      | Noticed Sigmund
   925 | D:2      | Noticed Terence
   936 | D:2      | HP: 1/24 [something (1)]
  1371 | D:2      | Reached skill level 4 in Fighting
  1793 | D:3      | Reached XP level 4. HP: 29/29 MP: 4/4
  2510 | D:4      | Noticed Grinder
  2515 | D:4      | Paralysed by Grinder for 5 turns
  2537 | D:4      | Killed Grinder
  2537 | D:4      | Reached skill level 5 in Fighting
  2537 | D:4      | Reached XP level 5. HP: 23/35 MP: 5/5
  2537 | D:4      | Reached XP level 6. HP: 26/40 MP: 6/6
  2839 | D:4      | Slain by a gnoll

Vault maps used:
D:1:      arrival_aquarium_a
D:2:      first_bread, uniq_terence, uniq_sigmund
D:4:      temple_statues, uniq_robin, uniq_blork_the_orc, uniq_grinder

Action                   |  1- 3 |  4- 6 || total
-------------------------+-------+-------++-------
Melee: Flail             |   188 |    60 ||   248
  Use: Scroll            |     4 |     4 ||     8
       Potion            |       |     2 ||     2
  Eat: Chunk             |     3 |     2 ||     5
       Beef jerky        |       |     1 ||     1
